 Dungeon Crawl Stone Soup version 0.28-a0-8-g6e044cfa68 (webtiles) character file.

Game seed: 16499428815017931934

41176 Ge0ff the Severer (level 13, -3/128 HPs)
             Began as a Deep Dwarf Fighter on July 24, 2021.
             Was the Champion of Makhleb.
             Succumbed to a redback's poison
             ... on level 4 of the Spider Nest.
             The game lasted 01:00:08 (4406 turns).

Ge0ff the Severer (Deep Dwarf Fighter)              Turns: 4406, Time: 01:00:09

Health: -3/128     AC: 24    Str: 24 (25) XL:     13   Next: 78%
Magic:  3/3        EV:  8    Int: 11 (13) God:    Makhleb [******]
Gold:   368        SH:  0    Dex: 12      Spells: 12/12 levels left

rFire   . . .      SeeInvis .   a - +1 war axe (freeze)
rCold   + . .      Faith    .   c - +0 kite shield
rNeg    . . .      Spirit   .   I - +4 chain mail
rPois   .          Reflect  +   Q - +2 helmet
rElec   .          Harm     .   P - scarf {+Inv}
rCorr   .          Rampage  ∞   S - +1 pair of gloves
Will    ++...                   H - +3 pair of seven-league boots {Rampage+∞}
Stlth   ..........              Z - amulet of reflection
HPRegen 0.00/turn               R - ring of protection from cold
MPRegen 0.08/turn               u - ring "Rolefint" {Will+ Int+4}

@: confused, lethally poisoned (-3 -> -58), very slightly contaminated
A: damage resistance, heal wounds, sense surroundings 2, no regeneration
a: Heal Wounds, Renounce Religion, Evoke Invisibility, Minor Destruction, Lesser
Servant of Makhleb, Major Destruction, Greater Servant of Makhleb


You were on level 4 of the Spider Nest.
You worshipped Makhleb.
Makhleb was exalted by your worship.
You visited 4 branches of the dungeon, and saw 23 of its levels.
You also visited: Sewer, Gauntlet and Ice Cave.

You collected 368 gold pieces.

Inventory:

Hand Weapons
 a - a +1 war axe of freezing (weapon)
 t - a +1 war axe
 w - a +2 dagger of venom
 y - the +7 falchion of the Foremost Shrikes {flame, Str+6 Dex+5}
   (You took it off a minotaur in a Gauntlet)

   It burns those it strikes, dealing additional fire damage.
   Big, fiery blades are also staple armaments of hydra-hunters.
   Str:       It affects your strength (+6).
   Dex:       It affects your dexterity (+5).
 A - a +0 broad axe
 K - a +1 dagger of draining
Missiles
 g - a throwing net {=f}
 v - 3 curare-tipped darts {=f}
 x - 5 silver javelins
 O - 12 boomerangs (quivered)
 U - 14 poisoned darts
Armour
 b - a +0 scale mail
 c - a +0 kite shield (worn)
 z - the +1 cloak "Qiohuarch" {SInv}
   (You found it in a Gauntlet)

   SInv:      It lets you see invisible.
 C - a +0 chain mail
 D - +0 acid dragon scales
 H - the +3 pair of seven-league boots (worn) {Rampage+∞}
   (You found it in a Gauntlet)

   Its wearer moves as far as possible in that direction when moving towards
   enemies.
 I - a +4 chain mail (worn)
 M - a +2 buckler
 P - a scarf of invisibility (worn)
 Q - a +2 helmet (worn)
 S - a +1 pair of gloves (worn)
Jewellery
 u - the ring "Rolefint" (right hand) {Will+ Int+4}
   (You took it off a minotaur in a Gauntlet)

   [ring of willpower]

   Int:       It affects your intelligence (+4).
   Will:      It increases your willpower.
 B - a ring of see invisible
 G - a ring of positive energy
 J - a ring of protection from cold
 R - a ring of protection from cold (left hand)
 Y - an amulet of magic regeneration
 Z - an amulet of reflection (around neck)
Wands
 d - a wand of digging (4)
 e - a wand of charming (10)
 s - a wand of mindburst (13)
Scrolls
 i - 2 scrolls of identify
 E - a scroll of fear
 F - 2 scrolls of enchant weapon
 T - 6 scrolls of teleportation
 V - 2 scrolls of vulnerability
Potions
 L - a potion of lignification
 N - 3 potions of cancellation {!q}
 W - a potion of heal wounds {!q}
 X - a potion of flight
Miscellaneous
 l - a lightning rod (4/4)


   Skills:
 + Level 11.8 Fighting
 - Level 16.0 Axes
 + Level 2.1 Throwing
 + Level 7.3 Armour
 + Level 3.0 Dodging
 + Level 9.2 Shields
 + Level 8.5 Invocations
 + Level 8.4 Evocations


You had 12 spell levels left.
You didn't know any spells.
Your spell library contained the following spells:

 Spells                   Type           Power      Damage    Failure   Level
 Slow                     Hex            0%         N/A       100%        2
 Confusing Touch          Hex            0%         N/A       100%        3
 Dazzling Flash           Conj/Hex       0%         N/A       100%        3
 Vampiric Draining        Necr           0%         2d6       100%        3
 Agony                    Necr           0%         N/A       100%        5
 Silence                  Hex/Air        0%         N/A       100%        5


Dungeon Overview and Level Annotations

Branches:
Dungeon (12/15)            Temple (1/1) D:5            Lair (6/6) D:11
 Shoals (0/4) Lair:3       Spider (4/4) Lair:3        Slime (0/5) Lair:6
  Sewer (visited)           IceCv (visited)         Gauntlet (visited)
    Orc: D:9-12

Altars:
Cheibriados
Dithmenos
Hepliaklqana
Kikubaaqudgha
Makhleb
Nemelex Xobeh
Sif Muna
Trog
Uskayaw
Wu Jian
Xom
Yredelemnul
Zin

Annotations:
D:10 exclusion: orange crystal statue
D:12 3 runed translucent doors (art ring + hw), heinrich's ghost, journeyman TrMo


Innate Abilities, Weirdness & Mutations

You are resistant to damage.
You can heal yourself by infusing magical energy.
You passively map the area around you.
You do not regenerate.


Message History

You see here a tarantella corpse.
You hit the tarantella. You freeze the tarantella.
The tarantella is almost dead.
You closely miss the redback.
The tarantella hisses angrily.
The tarantella bites you but does no damage.
The redback bites you but does no damage.
Your shield prevents you from hitting the tarantella.
The tarantella is almost dead.
You miss the redback. You closely miss the redback.
The tarantella hisses angrily.
The tarantella bites you but does no damage.
The redback barely misses you.
You slash the redback! You freeze the redback.
The redback is heavily wounded.
You closely miss the tarantella. You closely miss the redback.
You flicker back into view.
The tarantella bites you.
You are more confused.
The redback bites you.
You are more poisoned.
The redback poisons you!
The tarantella bites you but does no damage.
The redback bites you but does no damage.
You miss the tarantella.
The tarantella is severely wounded.
You slash the redback! You freeze the redback. You slash the tarantella!
You freeze the tarantella.
You kill the tarantella!
Makhleb accepts your kill.
You feel better.
You slash the redback! You freeze the redback.
You feel extremely sick. The redback closely misses you.
The tarantella bites you but does no damage.
The redback bites you.
You are more poisoned.
The redback poisons you! The redback barely misses you. The redback bites you!
You are lethally poisoned!
The redback poisons you!
You feel your strength returning.
Your life force feels restored.
You feel extremely sick.
The redback bites you but does no damage.
Unknown command.
* * * LOW HITPOINT WARNING * * *
You feel extremely sick. The redback barely misses you. The redback bites you!
* * * LOW HITPOINT WARNING * * *
The redback closely misses you.
You see here a tarantella corpse.
You die...

*,,...^....^^.#..## *
, * ...........^...##*
, * *
.....^..........# , *
,................^
.......†.s.^.....^ * *
* ........^†ss.......
* *
#.^......ssss.....^.,^
#.....#....†........
,*
#...........@...^...,
#................... ,
* #..................#
, #...............^#..
#..^†#.....^........
#^^†<...............
##..†.#.......#.....*
*#.^.....^.......#.#
#^.#..###^........


You could see 2 tarantellas and 5 redbacks.

Vanquished Creatures
  A ghost moth (Spider:3)
  A minotaur (Gauntlet)
  A boulder beetle (Lair:6)
  9 death yaks
  3 wolf spiders
  5 orb spiders
  3 elephants (Lair:4)
  A black mamba (Lair:5)
  A torpor snail (Lair:3)
  7 cane toads
  A rime drake (Lair:3)
  2 ice devils (Lair:1)
  A kobold demonologist (D:10)
  A komodo dragon (Lair:4)
  6 tarantellas
  6 demonic crawlers
  2 trolls
  10 jumping spiders
  10 dream sheep
  9 blink frogs
  7 flying skulls (Gauntlet)
  A water elemental (D:11)
  A wraith (D:11)
  21 redbacks
  A wyvern (Lair:5)
  28 yaks
  2 steam dragons
  2 basilisks
  2 swamp worms (Gauntlet)
  An acid dragon (D:5)
  6 water moccasins
  2 orc warriors (D:10)
  Purgy (Sewer)
  2 ice beasts
  2 sky beasts
  A necrophage (D:6)
  2 black bears
  A centaur (D:7)
  15 wolves
  11 kobold brigands
  4 bullfrogs
  A glowing shapeshifter simulacrum (IceCv)
  2 gnoll sergeants (D:8)
  A water moccasin skeleton (D:6)
  5 wights (D:9)
  3 electric eels (D:11)
  6 howler monkeys
  6 hounds
  A gnoll shaman (D:8)
  2 jellies (D:4)
  A bullfrog skeleton (D:5)
  4 orc priests
  3 iguanas
  3 orc wizards
  A hell rat (Lair:4)
  2 lightning spires (Gauntlet)
  A killer bee zombie (D:4)
  A hound skeleton (D:5)
  19 gnolls
  A howler monkey skeleton (D:4)
  5 adders
  7 river rats
  3 shadow imps
  A worm (D:5)
  3 dart slugs
  16 orcs
  5 endoplasms
  3 goblins
  3 hobgoblins
  34 kobolds
  2 quokkas (D:3)
  7 ball pythons
  4 bats
  3 frilled lizards
  8 kobold skeletons (D:10)
  10 kobold zombies (D:10)
  13 rats
383 creatures vanquished.

Vanquished Creatures (collateral kills)
  A wolf spider (Spider:1)
  A cane toad (Lair:3)
  A rime drake (Lair:3)
  A komodo dragon (Lair:3)
  A blink frog (Lair:3)
  A dream sheep (Lair:3)
  A redback (Spider:1)
  A tarantella (Spider:1)
  A water moccasin (Lair:3)
  A wolf (Lair:6)
  A bullfrog (Lair:3)
  A butterfly (Lair:2)
12 creatures vanquished.

Vanquished Creatures (others)
  A wolf spider (Spider:1)
  2 kobolds (D:10)
  16 fungi
  18 plants
  4 withered plants (Lair:6)
41 creatures vanquished.

Grand Total: 436 creatures vanquished

Notes
Turn   | Place    | Note
-------+----------+-------------------------------------------
     0 | D:1      | Ge0ff the Deep Dwarf Fighter began the quest for the Orb.
     0 | D:1      | Reached XP level 1. HP: 20/20 MP: 1/1
    81 | D:1      | Reached XP level 2. HP: 17/27 MP: 2/2
   252 | D:2      | Reached skill level 3 in Axes
   252 | D:2      | Reached skill level 1 in Dodging
   261 | D:2      | Reached XP level 3. HP: 17/34 MP: 3/3
   271 | D:2      | Your magical essence is drained by the effort!
   302 | D:3      | Reached skill level 4 in Axes
   302 | D:3      | Reached XP level 4. HP: 38/42 MP: 3/3
   449 | D:4      | Reached skill level 5 in Axes
   502 | D:4      | Reached XP level 5. HP: 27/49 MP: 4/4
   557 | D:4      | Your magical essence is drained by the effort!
   597 | D:4      | Reached skill level 6 in Axes
   662 | D:4      | Noticed a black bear
   675 | D:4      | Killed a black bear
   676 | D:4      | Reached XP level 6. HP: 30/56 MP: 4/4
   712 | D:5      | Entered Level 5 of the Dungeon
   715 | D:5      | Your magical essence is drained by the effort!
   727 | D:5      | Reached skill level 7 in Axes
   772 | D:5      | Noticed an acid dragon
   784 | D:5      | Found a glowing drain.
   805 | Sewer    | Entered a sewer
   900 | Sewer    | Noticed Purgy
   910 | Sewer    | Killed Purgy
   911 | Sewer    | Reached skill level 8 in Axes
   911 | Sewer    | Reached XP level 7. HP: 34/62 MP: 4/4
   990 | D:5      | Found a shimmering altar of Xom.
   991 | D:5      | Found a hazy altar of Hepliaklqana.
   992 | D:5      | Noticed a spectral ugly thing
  1041 | D:5      | Found a staircase to the Ecumenical Temple.
  1086 | Temple   | Entered the Ecumenical Temple
  1101 | Temple   | Became a worshipper of Makhleb the Destroyer
  1157 | D:6      | Noticed a troll
  1177 | D:6      | Killed a troll
  1178 | D:6      | Reached skill level 9 in Axes
  1249 | D:6      | Reached XP level 8. HP: 72/72 MP: 5/5
  1250 | D:6      | Found a glowing silver altar of Zin.
  1250 | D:6      | Found a bloodstained altar of Trog.
  1345 | D:7      | Reached skill level 10 in Axes
  1345 | D:7      | Reached skill level 5 in Shields
  1578 | D:8      | Reached skill level 1 in Evocations
  1584 | D:8      | Reached skill level 11 in Axes
  1589 | D:8      | Your magical essence is drained by the effort!
  1591 | D:8      | Reached * piety under Makhleb
  1617 | D:8      | Gained mutation: You passively map the area around you.
                  | [Deep Dwarf growth]
  1617 | D:8      | Reached XP level 9. HP: 39/79 MP: 5/5
  1828 | D:9      | Reached skill level 5 in Fighting
  1844 | D:9      | Reached skill level 12 in Axes
  1875 | D:10     | Entered Level 10 of the Dungeon
  1889 | D:10     | Reached skill level 5 in Evocations
  1908 | D:10     | Reached ** piety under Makhleb
  1988 | D:10     | Reached skill level 13 in Axes
  1993 | D:10     | Your magical essence is drained by the effort!
  2009 | D:10     | Reached XP level 10. HP: 63/88 MP: 3/5
  2018 | D:10     | Noticed a rust devil
  2024 | D:10     | Reached *** piety under Makhleb
  2091 | D:10     | Found an ancient bone altar of Kikubaaqudgha.
  2180 | D:10     | Noticed an orange crystal statue
  2209 | D:12     | Found a runed translucent gate.
  2209 | D:12     | Found a runed translucent gate.
  2210 | D:12     | Found a runed translucent gate.
  2211 | D:12     | Noticed heinrich's ghost (journeyman TrMo)
  2262 | D:11     | Reached skill level 14 in Axes
  2424 | D:11     | Found a staircase to the Lair.
  2442 | D:11     | Your magical essence is drained by the effort!
  2460 | Lair:1   | Entered Level 1 of the Lair of Beasts
  2468 | Lair:1   | Your magical essence is drained by the effort!
  2524 | Lair:1   | Noticed a cane toad
  2532 | Lair:1   | Noticed a cane toad
  2534 | Lair:1   | Reached skill level 1 in Invocations
  2537 | Lair:1   | Killed a cane toad
  2539 | Lair:1   | Noticed a cane toad
  2613 | Lair:1   | Found a frozen archway.
  2636 | IceCv    | Entered an ice cave
  2671 | Lair:1   | Noticed a cane toad
  2680 | Lair:1   | Killed a cane toad
  2681 | Lair:1   | Reached XP level 11. HP: 66/94 MP: 3/6
  2718 | Lair:1   | Reached **** piety under Makhleb
  2796 | Lair:2   | Your magical essence is drained by the effort!
  2851 | Lair:3   | Reached skill level 5 in Invocations
  2964 | Lair:3   | Found a gate leading to a gauntlet.
  2996 | Gauntlet | Entered a Gauntlet
  2996 | Gauntlet | Found a transporter.
  2996 | Gauntlet | Found a transporter.
  3000 | Gauntlet | Found a transporter.
  3000 | Gauntlet | Found a transporter.
  3007 | Gauntlet | Found a transporter.
  3018 | Gauntlet | Found a transporter.
  3024 | Gauntlet | Found a large runed translucent door.
  3025 | Gauntlet | Found a large runed translucent door.
  3026 | Gauntlet | Found a large runed translucent door.
  3026 | Gauntlet | Found a large runed translucent door.
  3027 | Gauntlet | Found a runed translucent gate.
  3027 | Gauntlet | Found a large runed translucent door.
  3027 | Gauntlet | Found a large runed translucent door.
  3027 | Gauntlet | Found a runed translucent door.
  3028 | Gauntlet | Found a transporter.
  3028 | Gauntlet | Found a runed translucent gate.
  3028 | Gauntlet | Found a transporter.
  3028 | Gauntlet | Found a large runed translucent door.
  3029 | Gauntlet | Found a runed translucent gate.
  3029 | Gauntlet | Found a runed translucent door.
  3029 | Gauntlet | Found a large runed translucent door.
  3032 | Gauntlet | Noticed a sixfirhy
  3034 | Gauntlet | Found a large runed translucent door.
  3034 | Gauntlet | Found a large runed translucent door.
  3035 | Gauntlet | Found the +3 pair of seven-league boots {Rampage+∞}
  3035 | Gauntlet | Found a large runed translucent door.
  3035 | Gauntlet | Found a transporter.
  3035 | Gauntlet | Noticed a sixfirhy
  3036 | Gauntlet | Found a large runed translucent door.
  3061 | Gauntlet | Found a transporter.
  3066 | Gauntlet | Noticed a large abomination
  3089 | Gauntlet | Found a transporter.
  3140 | Gauntlet | Found a transporter.
  3146 | Gauntlet | Noticed a dire elephant
  3180 | Gauntlet | Reached skill level 1 in Throwing
  3195 | Gauntlet | Reached skill level 5 in Armour
  3218 | Gauntlet | Reached skill level 15 in Axes
  3227 | Gauntlet | Identified the +1 cloak "Qiohuarch" {SInv}
  3233 | Gauntlet | Found a transporter.
  3249 | Gauntlet | Found a transporter.
  3251 | Gauntlet | Found a large runed translucent door.
  3251 | Gauntlet | Found a large runed translucent door.
  3252 | Gauntlet | Found a large runed translucent door.
  3253 | Gauntlet | Found a large runed translucent door.
  3300 | Gauntlet | Identified the +7 falchion of the Foremost Shrikes {flame,
                  | Str+6 Dex+5}
  3300 | Gauntlet | Identified the ring "Rolefint" {Will+ Int+4}
  3300 | Gauntlet | Noticed a minotaur
  3302 | Gauntlet | Your magical essence is drained by the effort!
  3303 | Gauntlet | Your magical essence is drained by the effort!
  3313 | Gauntlet | Killed a minotaur
  3327 | Lair:3   | Found a hole to the Spider Nest.
  3411 | Lair:4   | Noticed a death yak
  3425 | Lair:4   | Killed a death yak
  3493 | Lair:4   | Reached ***** piety under Makhleb
  3512 | Lair:5   | Noticed a seven-headed hydra
  3591 | Lair:5   | Reached XP level 12. HP: 85/109 MP: 7/7
  3624 | Lair:5   | Your magical essence is drained by the effort!
  3646 | Lair:6   | Entered Level 6 of the Lair of Beasts
  3646 | Lair:6   | Noticed a death yak
  3663 | Lair:6   | Reached skill level 16 in Axes
  3672 | Lair:6   | Killed a death yak
  3681 | Lair:6   | Noticed a boulder beetle
  3682 | Lair:6   | Found a staircase to the Slime Pits.
  3687 | Lair:6   | Killed a boulder beetle
  3689 | Lair:6   | Noticed a death yak
  3701 | Lair:6   | Noticed a death yak
  3703 | Lair:6   | Noticed a death yak
  3714 | Lair:6   | Killed a death yak
  3714 | Lair:6   | Noticed a death yak
  3714 | Lair:6   | Noticed a death yak
  3715 | Lair:6   | Noticed a death yak
  3716 | Lair:6   | Noticed a death yak
  3717 | Lair:6   | Killed a death yak
  3728 | Lair:6   | Killed a death yak
  3742 | Lair:6   | Killed a death yak
  3743 | Lair:6   | Killed a death yak
  3746 | Lair:6   | Killed a death yak
  3748 | Lair:6   | Killed a death yak
  3765 | Lair:6   | Your magical essence is drained by the effort!
  4010 | Lair:3   | Found a staircase to the Shoals.
  4034 | Lair:3   | Reached XP level 13. HP: 66/112 MP: 5/7
  4065 | Spider:1 | Entered Level 1 of the Spider Nest
  4083 | Spider:1 | Reached skill level 10 in Fighting
  4106 | Spider:1 | HP: 5/118 [wolf spider (10)]
  4116 | Spider:1 | Your magical essence is drained by the effort!
  4128 | Spider:1 | Your magical essence is drained by the effort!
  4261 | Spider:4 | Entered Level 4 of the Spider Nest
  4278 | Spider:3 | HP: 5/122 [something (2)]
  4287 | Spider:3 | Your magical essence is drained by the effort!
  4291 | Spider:3 | Killed a ghost moth
  4342 | Spider:4 | Your magical essence is drained by the effort!
  4385 | Spider:4 | Reached ****** piety under Makhleb
  4406 | Spider:4 | Succumbed to a redback's poison

Illustrated notes

Levels and vault maps discovered:
D:1:      dpeg_arrival_rooms_with_view, layout_loops_corners,
          shapermc_ecumenical_altar_venn, kennysheep_pointless_box,
          minmay_pentomino_z4
D:2:      layout_rooms, kennysheep_potato
D:3:      layout_rooms, minmay_misc_feat_diagonals
D:4:      kennysheep_spiral_hall, layout_basic, minmay_misc_feat_cross
D:5:      layout_basic, regret_index_temple_of_mockery, lemuel_round_altar,
          minmay_temple_entry_proselytizer, serial_shops, nicolae_stop_n_shop_1,
          portal_sewer_entry_b, hangedman_abyss_or_decor_jellyfish_corner,
          uniq_ijyb, uniq_crazy_yiuf_cottage, uniq_blork_the_orc, uniq_menkaure
D:6:      layout_basic, jmf_multi_god_temple, hangedman_abyss_or_decor_stabs
D:7:      layout_gridville
D:8:      layout_rooms
D:9:      layout_loops_ring, grunt_temple_overflow_open,
          kb_lookout_dungeons_type, moated_statue
D:10:     wander_kiku_kobolds, layout_irregular_city, serial_shops, shop,
          nicolae_shop_trees, nicolae_shop_window_shopping, shop, shop,
          chequers_serial_rivers_small_a, minmay_statue_bubble
D:11:     layout_long_grid, erik_lair_island, david_orc_2,
          kennysheep_small_square
D:12:     layout_cave_pools, gammafunk_ghost_spectres,
          nicolae_hepliaklqana_ecumenical_no_more, uniq_frances, uniq_sonja,
          uniq_kirke
Temple:   eino_wide_crystal_templ
Lair:1:   layout_small_grid, portal_ice_cave_demonic_guard,
          cheibrodos_lair_caveside_slide, beast_lair_carwin_4,
          lemuel_fruit_fields
Lair:2:   layout_long_grid, serial_rivers, chequers_serial_rivers_small_b,
          chequers_serial_rivers_micro_b, chequers_serial_rivers_large_b,
          chequers_serial_rivers_marsh, chequers_serial_rivers_micro_e
Lair:3:   layout_cave_shapes, shoals_dummy_entry, spider_nest_entry_rubble,
          gauntlet_entry_generic, beast_lair_carwin_2
Lair:4:   layout_regular_city, kennysheep_abandoned_house
Lair:5:   lemuel_reptile_caves, layout_regular_city, grunt_megastairs_5
Lair:6:   due_jungle_book, layout_loops_ring, slime_altar_1, lemuel_oklob_altar
Spider:1: layout_spider_delve
Spider:2: layout_chambers, nicolae_spider_cling_halls
Spider:3: layout_chambers, drop_trap, hangedman_spider_tarantella_strand
Spider:4: grunt_spider_rune_circles

Skill      XL: |  1  2  3  4  5  6  7  8  9 10 11 12 13 |
---------------+----------------------------------------+-----
Fighting       | 3 4 5 7 9 11 | 11.8
Axes           | 3 4 5 6 8 9 11 13 14 15 16 | 16.0
Dodging        | 1 2 3 |  3.0
Shields        | 4 5 6 7 9 |  9.2
Evocations     | 2 5 7 8 |  8.4
Invocations    | 3 7 8 |  8.5
Armour         | 5 7 |  7.3
Throwing       | 1 2 |  2.1

Action                   |  1- 3 |  4- 6 |  7- 9 | 10-12 | 13-15 || total
-------------------------+-------+-------+-------+-------+-------++-------
Melee: War axe           |    44 |   140 |   278 |   579 |   170 ||  1211
Throw: Boomerang         |       |       |       |     8 |       ||     8
       Dart              |       |       |       |     4 |     1 ||     5
Invok: Minor Destruction |       |       |       |     4 |       ||     4
       Lesser Servant of |       |       |       |     6 |     3 ||     9
 Abil: Heal Wounds       |     1 |     6 |    13 |    27 |    15 ||    62
       Evoke Invisibilit |       |       |     2 |    14 |     3 ||    19
Evoke: Wand              |       |       |       |     4 |     1 ||     5
       Lightning rod     |       |       |       |     4 |     1 ||     5
  Use: Scroll            |     1 |     5 |     7 |     5 |     2 ||    20
       Potion            |     1 |     2 |     6 |     3 |     9 ||    21
 Stab: Invisible         |       |     3 |    12 |    86 |    44 ||   145
       Distracted        |       |       |       |     2 |     1 ||     3
Armor: Scale mail        |    29 |    90 |    15 |       |       ||   134
       Acid dragon scale |       |       |   122 |   206 |   130 ||   458
       Chain mail        |       |       |       |       |   130 ||   130
Dodge: Dodged            |    16 |   121 |   142 |   265 |   157 ||   701
Block: Kite shield       |    29 |   104 |    89 |   233 |   295 ||   750
       Buckler           |       |       |    59 |    68 |       ||   127

Table legend: (Time is in decaauts)
 A = Elapsed time spent in this place.
 B = Non-inter-level travel time spent in this place.
 C = Inter-level travel time spent in this place.
 D = Time resting spent in this place.
 E = Time spent auto-exploring this place.
 F = Levels seen in this place.
 G = Mean time per level.
                   A        B        C        D        E       F      G
               +--------+--------+--------+--------+--------+-----+--------+
         Total |   4430 |   4365 |     65 |      0 |      0 |  26 |  170.4 |
       Dungeon |   2381 |   2352 |     29 |      0 |      0 |  12 |  198.4 |
        Temple |     30 |     21 |      9 |      0 |      0 |   1 |   30.0 |
          Lair |   1239 |   1212 |     27 |      0 |      0 |   6 |  206.5 |
   Spider Nest |    325 |    325 |      0 |      0 |      0 |   4 |   81.2 |
         Sewer |    136 |    136 |      0 |      0 |      0 |   1 |  136.0 |
      Ice Cave |     12 |     12 |      0 |      0 |      0 |   1 |   12.0 |
      Gauntlet |    304 |    304 |      0 |      0 |      0 |   1 |  304.0 |
               +--------+--------+--------+--------+--------+-----+--------+

Top non-repeatable levels by time:
  Lair:4: 357 daAuts
Gauntlet: 304 daAuts
     D:4: 300 daAuts
     D:5: 278 daAuts
  Lair:3: 264 daAuts
  Lair:1: 263 daAuts
    D:10: 260 daAuts
     D:8: 246 daAuts
    D:11: 237 daAuts
     D:6: 231 daAuts
     D:1: 211 daAuts
     D:7: 207 daAuts
     D:3: 168 daAuts
  Lair:5: 140 daAuts
   Sewer: 136 daAuts
